 Dungeon Sprint DCSS version 0.29-a0-384-g6960b1960d (webtiles) character file.

Game seed: 11064729797768563809

8665 mhtbhm the Bludgeoner (level 11, 0/116 HPs)
             Began as a Minotaur Fighter on May 7, 2022.
             Was an Initiate of Gozag.
             Killed by nerve-wracking pain
             ... invoked by an orc priest
              (13 damage)
             ... in the Dungeon (Sprint IX: "|||||||||||||||||||||||||||||").
             The game lasted 00:03:11 (2285 turns).

mhtbhm the Bludgeoner (Minotaur Fighter)            Turns: 2285, Time: 00:03:11

Health: 0/116      AC: 20    Str: 25    XL:     11   Next: 12%
Magic:  10/10      EV: 15    Int:  5    God:    Gozag
Gold:   3308       SH:  7    Dex: 10    Spells: 10/10 levels left

rFire   . . .      SeeInvis .   a - +0 flail
rCold   . . .      Faith    .   c - +0 buckler
rNeg    . . .      Spirit   .   b - +1 chain mail
rPois   .          Reflect  .   (helmet restricted)
rElec   .          Harm     .   n - +0 cloak
rCorr   .          Rampage  .   (no gloves)
Will    .....      NoTele   +   o - +0 pair of boots
Stlth   ..........              (no amulet)
HPRegen 0.29/turn               p - +2 ring of protection
MPRegen 0.12/turn               s - +4 ring of evasion

@: gold aura
A: horns 2, retaliatory headbutt
a: Renounce Religion, Potion Petition, Call Merchant, Bribe Branch


You were in the Dungeon.
You worshipped Gozag.
Gozag was most pleased with you.
You visited 1 branch You collected 3722 gold pieces.
You paid 414 gold pieces to Gozag.

Inventory:

Hand Weapons
 a - a +0 flail (weapon)
Missiles
 v - 3 throwing nets (quivered)
Armour
 b - a +1 chain mail (worn)
 c - a +0 buckler (worn)
 n - a +0 cloak (worn)
 o - a +0 pair of boots (worn)
Jewellery
 p - a +2 ring of protection (left hand)
 s - a +4 ring of evasion (right hand)
Wands
 m - a wand of acid (3)
Scrolls
 j - 4 scrolls of blinking
 l - 3 scrolls of amnesia
 q - a scroll of enchant weapon
 t - 5 scrolls of identify
 u - 2 scrolls of enchant armour
Potions
 d - 2 potions of might
 e - 2 potions of curing
 f - 3 potions of heal wounds
 g - a potion of haste
 h - 4 potions of magic
 i - a potion of mutation
 k - a potion of invisibility
 r - a potion of brilliance


   Skills:
 + Level 16.6 Fighting
 + Level 17.4 Maces & Flails
 + Level 15.7 Armour
 + Level 7.4 Dodging
 + Level 4.0 Stealth
 + Level 12.4 Shields
 + Level 4.1 Evocations


You had 10 spell levels left.
You didn't know any spells.
Your spell library was empty.

Dungeon Overview and Level Annotations

Branches:
Dungeon (1/1)

Altars:
Cheibriados
Dithmenos
Elyvilon
Fedhas
Gozag
Hepliaklqana
Kikubaaqudgha
Makhleb
Nemelex Xobeh
Okawaru
Qazlal
Ru
Sif Muna
Trog
Uskayaw
Vehumet
Wu Jian
Xom
Yredelemnul
Zin
The Shining One
Beogh
Jiyva
Lugonu


Innate Abilities, Weirdness & Mutations

You have a pair of horns on your head.
You reflexively headbutt those who attack you in melee.


Message History

Aiming: Corrosive Bolt
Press: ? - help, Shift-Dir - straight line, f - orc warrior
Aim: an orc warrior, wielding a +0 long sword and wearing a +0 plate armour (severely wounded, 74% to hit)
The bolt of acid hits the orc warrior.
The acid corrodes the orc warrior!
The orc warrior is almost dead.
The bolt of acid misses the orc priest.
The bolt of acid hits the orc priest!!
The acid corrodes the orc priest!
You kill the orc priest!
The bolt of acid misses the orc priest.
The bolt of acid hits the orc!!
You kill the orc!
The orc warrior closely misses you.
Unknown command.
You bludgeon the orc warrior!!
You kill the orc warrior!
The orc priest calls down the wrath of Beogh upon you.
Beogh smites you!
* * * LOW HITPOINT WARNING * * *
The orc priest is distracted by your dazzling golden aura.
The orc priest shouts!
The orc priest barely misses you.
Things that are here:
95 gold pieces; a +0 long sword; a +0 plate armour Unknown command.
You hit the orc priest.
The orc priest is lightly wounded.
The orc priest is no longer distracted by gold.
You bludgeon the orc priest!!
You kill the orc priest!
The orc priest invokes the aid of Beogh against you.
Pain shoots through your body!
* * * LOW HITPOINT WARNING * * *
You block the orc priest's attack.
Things that are here:
104 gold pieces; a +0 mace; a +0 leather armour You sock the orc priest!
Your headbutt misses the orc priest.
The orc priest is heavily wounded.
The orc priest calls down the wrath of Beogh upon you.
Pain shoots through your body!
You die...
Your body crumbles into a pile of gold.

▓▓▓▓▓▓▓▓▓▓▓▓▓▓▓▓▓▓▓▓▓▓
$$$$$$$$$$$+.$.o@$$$$$$$$$.......
▓▓▓▓▓▓▓▓▓▓▓▓▓▓▓▓▓▓▓▓▓▓▓▓▓▓▓▓▓▓▓▓▓
.................................
▓▓▓▓▓▓▓▓▓▓▓▓▓▓▓▓▓▓▓▓▓▓▓▓▓▓▓▓▓▓▓▓▓
.......'.........'.=...[.......'.
▓▓▓▓▓▓▓▓▓▓▓▓▓▓▓▓▓▓▓▓▓▓▓▓▓▓▓▓▓▓▓▓▓
.................................
▓▓▓▓▓▓▓▓▓▓▓▓▓▓▓▓▓▓▓▓▓▓▓▓▓▓▓▓▓▓▓▓▓
______________________'....†)....


You could see an orc priest.

Vanquished Creatures
  A stone giant (D)
  Harold (D)
  A hydra (D)
  A cyclops (D)
  Joseph (D)
  4 cane toads (D)
  An unseen horror (D)
  2 rime drakes (D)
  A komodo dragon (D)
  A meliai (shapeshifter) (D)
  A polar bear (D)
  3 tyrant leeches (D)
  A slime creature (D)
  A blink frog (D)
  A wyvern (D)
  2 yaks (D)
  A vampire (D)
  3 vampire mosquitoes (D)
  An acid dragon (D)
  7 water moccasins (D)
  3 orc warriors (D)
  A wolf (D)
  A centaur (D)
  A bullfrog (D)
  A killer bee (D)
  A howler monkey (D)
  3 orc priests (D)
  An orc wizard (D)
  A gnoll (D)
  2 adders (D)
  5 orcs (D)
  A bat (D)
  A goblin (D)
  2 hobgoblins (D)
  2 quokkas (D)
  A rat (D)
62 creatures vanquished.

Notes
Turn   | Place    | Note
-------+----------+-------------------------------------------
     0 | D        | mhtbhm the Minotaur Fighter began the quest for the Orb.
     0 | D        | Reached XP level 1. HP: 19/19 MP: 0/0
    17 | D        | Reached skill level 3 in Maces & Flails
   114 | D        | Reached skill level 4 in Maces & Flails
   114 | D        | Reached XP level 2. HP: 28/28 MP: 1/1
   122 | D        | Reached skill level 5 in Fighting
   122 | D        | Reached skill level 5 in Armour
   122 | D        | Reached XP level 3. HP: 32/36 MP: 2/2
   132 | D        | Found a snail-covered altar of Cheibriados.
   132 | D        | Found a shadowy altar of Dithmenos.
   132 | D        | Found a white marble altar of Elyvilon.
   132 | D        | Found a blossoming altar of Fedhas.
   132 | D        | Found an opulent altar of Gozag.
   133 | D        | Found a hazy altar of Hepliaklqana.
   134 | D        | Found a viscous altar of Jiyva.
   135 | D        | Found an ancient bone altar of Kikubaaqudgha.
   136 | D        | Found a corrupted altar of Lugonu.
   137 | D        | Found a burning altar of Makhleb.
   138 | D        | Found a sparkling altar of Nemelex Xobeh.
   139 | D        | Found an iron altar of Okawaru.
   140 | D        | Found a stormy altar of Qazlal.
   141 | D        | Found a sacrificial altar of Ru.
   142 | D        | Found a shimmering blue altar of Sif Muna.
   143 | D        | Found a bloodstained altar of Trog.
   144 | D        | Found a hide-covered altar of Uskayaw.
   145 | D        | Found a radiant altar of Vehumet.
   146 | D        | Found an ornate altar of the Wu Jian Council.
   147 | D        | Found a shimmering altar of Xom.
   148 | D        | Found a basalt altar of Yredelemnul.
   158 | D        | Became a worshipper of Gozag Ym Sagoz the Greedy
   168 | D        | Found a glowing silver altar of Zin.
   169 | D        | Found a glowing golden altar of the Shining One.
   226 | D        | Noticed a centaur
   226 | D        | Noticed a wyvern
   226 | D        | Noticed an orc warrior
   226 | D        | Noticed an acid dragon
   226 | D        | Noticed a killer bee
   232 | D        | Killed a killer bee
   233 | D        | Reached skill level 5 in Maces & Flails
   233 | D        | Reached skill level 5 in Shields
   233 | D        | Reached XP level 4. HP: 26/44 MP: 3/3
   370 | D        | Killed an acid dragon
   371 | D        | Reached skill level 7 in Maces & Flails
   371 | D        | Reached skill level 1 in Dodging
   371 | D        | Reached XP level 5. HP: 36/53 MP: 4/4
   374 | D        | Killed an orc warrior
   375 | D        | Reached skill level 8 in Maces & Flails
   375 | D        | Reached XP level 6. HP: 43/62 MP: 5/5
   380 | D        | Killed a wyvern
   381 | D        | Reached skill level 9 in Maces & Flails
   389 | D        | Reached skill level 10 in Maces & Flails
   389 | D        | Reached XP level 7. HP: 18/71 MP: 6/6
   639 | D        | Noticed an eight-headed hydra
   639 | D        | Noticed a vampire
   639 | D        | Noticed a slime creature
   639 | D        | Noticed a cyclops
   639 | D        | Noticed a meliai
   642 | D        | Killed a meliai
   643 | D        | Reached skill level 10 in Fighting
   643 | D        | Reached skill level 11 in Maces & Flails
   643 | D        | Reached skill level 10 in Armour
   646 | D        | Killed an unseen horror
   647 | D        | Reached skill level 1 in Evocations
   650 | D        | Killed a cyclops
   651 | D        | Reached skill level 12 in Maces & Flails
   651 | D        | Reached skill level 10 in Shields
   651 | D        | Reached XP level 8. HP: 29/82 MP: 7/7
   655 | D        | Killed a slime creature
   660 | D        | Killed an eight-headed hydra
   661 | D        | Reached skill level 14 in Maces & Flails
   661 | D        | Reached XP level 9. HP: 17/91 MP: 8/8
  1166 | D        | Noticed a polar bear
  1168 | D        | Noticed a rime drake
  1181 | D        | Killed a polar bear
  1182 | D        | Reached skill level 5 in Dodging
  1201 | D        | Reached skill level 15 in Maces & Flails
  1208 | D        | Killed a rime drake
  1209 | D        | Reached skill level 1 in Stealth
  1471 | D        | Noticed a rime drake
  1471 | D        | Noticed a cane toad
  1475 | D        | Noticed a cane toad
  1484 | D        | Killed a cane toad
  1485 | D        | Reached XP level 10. HP: 70/102 MP: 9/9
  1503 | D        | Reached skill level 16 in Maces & Flails
  1511 | D        | Killed a cane toad
  1686 | D        | Noticed a cane toad
  1691 | D        | Noticed a cane toad
  1693 | D        | Killed a cane toad
  1718 | D        | Reached skill level 15 in Fighting
  1728 | D        | Reached skill level 15 in Armour
  1908 | D        | Killed a cane toad
  2108 | D        | Noticed Joseph
  2124 | D        | Killed Joseph
  2139 | D        | Noticed Harold
  2152 | D        | Killed Harold
  2153 | D        | Reached skill level 17 in Maces & Flails
  2239 | D        | Reached XP level 11. HP: 113/114 MP: 10/10
  2242 | D        | Noticed a stone giant
  2267 | D        | Killed a stone giant
  2285 | D        | Killed from afar by an orc priest

Illustrated notes

Levels and vault maps discovered:
D:        linesprint [early_d, line_temple, items_1, d_10, items_2, lair_1,
          lair_end, items_3, orc_1, orc_end, items_4, d_15, swamp_1, shoals_1,
          snake_1, spider_1, d_20, vaults_1, items_5, swamp_end, shoals_end,
          snake_end, spider_end, vaults_end, d_27, items_6, zot_1, zot_end,
          crypt_end, forest_end, elf_end, slime_end, tomb_end, abyss_end,
          pan_hell_end]

Skill      XL: |  1  2  3  4  5  6  7  8  9 10 11 |
---------------+----------------------------------+-----
Fighting       | 4 5 6 7 8 9 11 12 13 16 | 16.6
Armour         | 4 5 6 7 8 9 11 12 13 15 | 15.7
Shields        | 4 5 6 7 8 10 11 12 | 12.4
Maces & Flails | 4 5 7 8 10 12 14 15 17 | 17.4
Dodging        | 1 2 3 4 5 7 |  7.4
Evocations     | 1 2 3 4 |  4.1
Stealth        | 1 3 4 |  4.0

Action                   |  1- 3 |  4- 6 |  7- 9 | 10-12 || total
-------------------------+-------+-------+-------+-------++-------
Melee: Flail             |    36 |    22 |    71 |   167 ||   296
       Headbutt          |     1 |     6 |    15 |    32 ||    54
Invok: Potion Petition   |       |       |     1 |       ||     1
Evoke: Wand              |       |       |     6 |     1 ||     7
  Use: Potion            |       |     2 |     5 |     1 ||     8
 Stab: Distracted        |       |       |     1 |     1 ||     2
Armor: Scale mail        |    17 |       |       |       ||    17
       Chain mail        |     4 |     7 |    39 |    26 ||    76
Dodge: Dodged            |    14 |    10 |    32 |    47 ||   103
Block: Buckler           |     9 |     4 |    15 |    20 ||    48

Table legend: (Time is in decaauts)
 A = Elapsed time spent in this place.
 B = Non-inter-level travel time spent in this place.
 C = Inter-level travel time spent in this place.
 D = Time resting spent in this place.
 E = Time spent auto-exploring this place.
 F = Levels seen in this place.
 G = Mean time per level.
                   A        B        C        D        E       F      G
               +--------+--------+--------+--------+--------+-----+--------+
         Total |   2211 |   2211 |      0 |    957 |    651 |   1 | 2211.0 |
       Dungeon |   2211 |   2211 |      0 |    957 |    651 |   1 | 2211.0 |
               +--------+--------+--------+--------+--------+-----+--------+

Top non-repeatable levels by time:
       D: 2211 daAuts
